 Dungeon Crawl Stone Soup version 0.28-a0-1382-g92835e5c71 (webtiles) character file.

Game seed: 17658714459937895822

1948 Deminshera the Party-goer (level 9, -4/47 HPs)
             Began as a Vine Stalker Fighter on Jan 1, 2022.
             Was a Follower of Uskayaw.
             Slain by a troll (12 damage)
             ... on level 9 of the Dungeon.
             The game lasted 00:07:50 (5778 turns).

Deminshera the Party-goer (Vine Stalker Fighter)    Turns: 5778, Time: 00:07:50

Health: -4/47      AC:  8    Str: 23    XL:     9   Next: 18%
Magic:  0/16       EV: 10    Int:  8    God:    Uskayaw [*.....]
Gold:   422        SH:  5    Dex: 14    Spells: 8/8 levels left

rFire   . . .      SeeInvis .   a - +0 rapier
rCold   . . .      Faith    .   c - +0 buckler
rNeg    . . .      Spirit   +   v - +0 ring mail
rPois   .          Reflect  .   s - +0 helmet
rElec   .          Harm     .   r - +0 cloak
rCorr   .          Rampage  .   (no gloves)
Will    +....                   B - +0 pair of boots
Stlth   ++........              l - amulet of the acrobat
HPRegen 0.95/turn               (no ring)
MPRegen 0.15/turn               (no ring)

@: about to teleport
A: fangs 3, regeneration 1, magic shield, antimagic bite, no potion heal 2
a: Renounce Religion, Stomp


You were on level 9 of the Dungeon.
You worshipped Uskayaw.
Uskayaw was aware of your devotion.
You visited 1 branch of the dungeon, and saw 7 of its levels.

You collected 422 gold pieces.

Inventory:

Hand Weapons
 a - a +0 rapier (weapon)
Armour
 c - a +0 buckler (worn)
 r - a +0 cloak (worn)
 s - a +0 helmet (worn)
 v - a +0 ring mail (worn)
 B - a +0 pair of boots (worn)
Jewellery
 l - an amulet of the acrobat (around neck)
Wands
 b - a wand of acid (21)
 d - a wand of flame (44)
 F - a wand of digging (8)
 G - a wand of iceblast (8)
Scrolls
 h - 2 scrolls of fog {unknown}
 j - 5 scrolls of identify
 k - 2 scrolls of vulnerability {unknown}
 n - 4 scrolls of teleportation
 o - a scroll of holy word {unknown}
 u - a scroll of immolation {unknown}
 w - a scroll of enchant weapon {unknown}
 x - a scroll of silence {unknown}
 y - 2 scrolls of fear {unknown}
 D - a scroll of amnesia {unknown}
Potions
 e - a potion of lignification
 f - 2 potions of cancellation {unknown}
 g - 2 potions of brilliance {unknown}
 i - 2 potions of curing {unknown}
 m - a potion of invisibility {unknown}
 p - a potion of flight {unknown}
 q - 2 potions of mutation {unknown}
 t - a potion of might
 z - a potion of magic {unknown}
 A - 4 potions of heal wounds {unknown}
 C - a potion of resistance {unknown}
 E - a potion of ambrosia {unknown}


   Skills:
 - Level 5.0 Fighting
 - Level 4.0 Short Blades
 - Level 2.4 Armour
 - Level 5.0 Stealth
 - Level 4.0 Shields
 + Level 8.5 Invocations


You had 8 spell levels left.
You didn't know any spells.
Your spell library contained the following spells:

 Spells                   Type           Power      Damage    Failure   Level
 Corpse Rot               Necr/Air       0%         N/A       71%         2
 Dispel Undead            Necr           0%         3d6       100%        4
 Death Channel            Necr           0%         N/A       100%        6


Dungeon Overview and Level Annotations

Branches:
Dungeon (6/15)
 Temple: D:4-7

Altars:
Ashenzari
Fedhas
Gozag
Hepliaklqana
Makhleb
Okawaru
Qazlal
Trog
Uskayaw
Vehumet
Wu Jian
Zin
The Shining One

Annotations:
D:9 Prince Ribbit


Innate Abilities, Weirdness & Mutations

You have razor-sharp teeth.
Your natural rate of healing is unusually fast.
When hurt, damage is shared between your health and your magic reserves.
Your bite disrupts and absorbs the magic of your enemies.
Potions cannot restore your health.


Message History

No target in view!
You now have 422 gold pieces (gained 12).
G - a wand of iceblast (8) No target in view!
No target in view!
Found a hunting sling.
No target in view!
A sourceless malevolence fills the Dungeon...
You fall into a shaft and drop 3 floors!
The shaft crumbles and collapses.
Found a club.
An orc priest comes into view. It is wielding a +0 flail.
A troll comes into view.
The orc priest shouts!
The green ugly thing gurgles horribly!
The orc priest looks braver for a moment.
The orc priest mumbles some strange prayers to Beogh against you.
Beogh smites you! The troll barely misses you. The troll claws you!
The troll claws you.
Prince Ribbit comes into view.
Prince Ribbit croaks.
You hit Prince Ribbit. Your bite misses Prince Ribbit.
Prince Ribbit is lightly wounded.
Prince Ribbit hits you! The troll barely misses you. The troll claws you. x2
Prince Ribbit barely misses you.
You hit Prince Ribbit.
Prince Ribbit is moderately wounded.
Prince Ribbit hits you! The troll bites you! The troll misses you.
The troll claws you.
* * * LOW HITPOINT WARNING * * *
As you read the scroll labelled APHEOF YXOMNE, it crumbles to dust.
It is a scroll of identify.
n - 5 scrolls of teleportation Prince Ribbit misses you.
You block the troll's attack. The troll claws you.
* * * LOW HITPOINT WARNING * * *
The troll claws you!
* * * LOW HITPOINT WARNING * * *
As you read the scroll of teleportation, it crumbles to dust.
You feel strangely unstable. Prince Ribbit misses you.
You block Prince Ribbit's attack. The troll bites you!
You die...

#.#........#
#.#
####.....#
#.# ##....#
#.#
#....#####.#
#..........#
#....#####.#
####o#...#.#
#T#.#.#.#
#@#.#.#.#
#F#.#...#
..#.#####
...#..
###.#.#
#.#.# #.#
#.#


You could see Prince Ribbit, a troll and an orc priest.

Vanquished Creatures
  A centaur zombie (D:5)
  Grinder (D:3)
  Sigmund (D:4)
  A black bear (D:4)
  A necrophage (D:4)
  A centaur (D:5)
  2 phantoms
  3 scorpions
  A gnoll sergeant (D:5)
  3 hounds
  Crazy Yiuf (D:3)
  3 orc priests
  A bullfrog skeleton (D:5)
  3 iguanas
  An orc wizard (D:4)
  3 hound skeletons (D:4)
  Robin (D:4)
  6 gnolls
  4 adders
  2 white imps
  An ufetubus (D:5)
  3 worms
  12 orcs
  11 endoplasms
  4 giant cockroaches
  13 goblins
  12 hobgoblins
  8 jackals
  7 kobolds
  6 quokkas
  12 ball pythons
  7 bats
  2 frilled lizards
  4 rats
  A spectral goblin (D:1)
143 creatures vanquished.

Vanquished Creatures (others)
  2 fungi (D:3)
  A plant (D:1)
  5 toadstools (D:1)
8 creatures vanquished.

Grand Total: 151 creatures vanquished

Notes
Turn   | Place    | Note
-------+----------+-------------------------------------------
     0 | D:1      | Deminshera the Vine Stalker Fighter began the quest for the
                  | Orb.
     0 | D:1      | Reached XP level 1. HP: 11/11 MP: 2/2
   332 | D:1      | Reached XP level 2. HP: 7/16 MP: 3/3
  1003 | D:1      | Found a faded altar of an unknown god.
  1123 | D:1      | Reached XP level 3. HP: 20/20 MP: 4/4
  1788 | D:2      | Found a radiant altar of Vehumet.
  1839 | D:2      | Gained mutation: Your natural rate of healing is unusually
                  | fast. [Vine Stalker growth]
  1839 | D:2      | Reached XP level 4. HP: 24/24 MP: 5/5
  2604 | D:3      | Noticed a phantom
  2619 | D:3      | Killed a phantom
  2620 | D:3      | Reached XP level 5. HP: 29/29 MP: 6/6
  2958 | D:3      | Noticed Grinder
  2979 | D:3      | Paralysed by Grinder for 7 turns
  2990 | D:3      | Killed Grinder
  2991 | D:3      | Reached XP level 6. HP: 17/34 MP: 4/7
  3023 | D:3      | Found a runed translucent door.
  3024 | D:3      | Noticed Crazy Yiuf
  3215 | D:3      | Killed Crazy Yiuf
  3317 | D:4      | Found a broken altar of Ashenzari.
  3318 | D:4      | Noticed Robin
  3319 | D:4      | Found a hazy altar of Hepliaklqana.
  3347 | D:4      | Reached skill level 5 in Fighting
  3354 | D:4      | Killed Robin
  3356 | D:4      | Reached skill level 1 in Stealth
  3400 | D:4      | Reached XP level 7. HP: 39/39 MP: 8/8
  3753 | D:4      | Found a glowing silver altar of Zin.
  3753 | D:4      | Found an ornate altar of the Wu Jian Council.
  3754 | D:4      | Found a blossoming altar of Fedhas.
  3755 | D:4      | Found a hide-covered altar of Uskayaw.
  3755 | D:4      | Found an opulent altar of Gozag.
  3756 | D:4      | Found a bloodstained altar of Trog.
  3757 | D:4      | Found an iron altar of Okawaru.
  3758 | D:4      | Found a burning altar of Makhleb.
  3759 | D:4      | Found a glowing golden altar of the Shining One.
  3763 | D:4      | Became a worshipper of Uskayaw the Reveller
  3828 | D:4      | Reached * piety under Uskayaw
  3833 | D:4      | Reached skill level 5 in Stealth
  3834 | D:4      | Reached ** piety under Uskayaw
  3840 | D:4      | Reached skill level 1 in Invocations
  3933 | D:4      | Reached skill level 2 in Invocations
  4053 | D:4      | Reached skill level 3 in Invocations
  4053 | D:4      | Gained mutation: You have razor-sharp teeth. [Vine Stalker
                  | growth]
  4053 | D:4      | Reached XP level 8. HP: 24/43 MP: 8/11
  4053 | D:4      | Reached *** piety under Uskayaw
  4208 | D:4      | Reached skill level 4 in Invocations
  4248 | D:4      | Noticed Sigmund
  4263 | D:4      | Killed Sigmund
  4264 | D:4      | Reached skill level 5 in Invocations
  4582 | D:5      | Entered Level 5 of the Dungeon
  4709 | D:5      | Reached skill level 6 in Invocations
  4757 | D:5      | Reached skill level 7 in Invocations
  4757 | D:5      | Reached XP level 9. HP: 28/47 MP: 13/15
  5052 | D:5      | Found a stormy altar of Qazlal.
  5068 | D:5      | Reached skill level 8 in Invocations
  5071 | D:5      | Reached **** piety under Uskayaw
  5738 | D:6      | You fall into a shaft and drop 3 floors!
  5760 | D:9      | Noticed a green ugly thing
  5760 | D:9      | Noticed a troll
  5771 | D:9      | Noticed Prince Ribbit
  5778 | D:9      | Slain by a troll

Illustrated notes

Levels and vault maps discovered:
D:1:      lightli_arrival_noodles, layout_basic, serial_bayou,
          serial_bayou_pond_d, serial_bayou_shore_b, serial_bayou_lagoon_b,
          serial_bayou_crossing, dreamdust_ecumenical_altar_drowned_temple,
          minmay_gold_behind_fungi, patterned_corridor
D:2:      layout_loops_ring, basic_altar, minmay_split_cup_small
D:3:      layout_basic, uniq_crazy_yiuf_cottage, uniq_grinder
D:4:      minmay_thinvault, layout_rooms, nicolae_overflows_in_rows,
          uniq_sigmund, uniq_robin
D:5:      layout_loops_cross, mainiacjoe_overflow_alcove_2
D:6:      layout_cave_pools, ebering_ghost_reflecting_pool, minivault_10,
          grunt_decor_one_mirror
D:9:      minmay_clustersquares, layout_rooms, general_overflow_altar,
          nicolae_overflow_crystal_walls, lair_entry_dummy, roderic_lattice_a,
          uniq_prince_ribbit1, uniq_maurice

Skill      XL: |  1  2  3  4  5  6  7  8  9 |
---------------+----------------------------+-----
Short Blades   | 2 3 4 |  4.0
Fighting       | 3 4 5 |  5.0
Shields        | 3 4 |  4.0
Stealth        | 1 5 |  5.0
Invocations    | 3 7 8 |  8.5
Armour         | |  2.4

Action                   |  1- 3 |  4- 6 |  7- 9 || total
-------------------------+-------+-------+-------++-------
Melee: Rapier            |   114 |   127 |   229 ||   470
       Bite              |    23 |    33 |    76 ||   132
Invok: Stomp             |       |       |     1 ||     1
       Line Pass         |       |       |     1 ||     1
Evoke: Wand              |       |       |     1 ||     1
  Use: Potion            |       |     1 |     1 ||     2
       Scroll            |       |       |     2 ||     2
 Stab: Sleeping          |       |       |     5 ||     5
       Paralysed         |       |       |     2 ||     2
       Distracted        |       |       |     1 ||     1
Armor: Scale mail        |    55 |    38 |    28 ||   121
       Ring mail         |       |       |    60 ||    60
       Skin              |       |       |     6 ||     6
Dodge: Dodged            |    60 |    53 |   136 ||   249
Block: Buckler           |    34 |    21 |    53 ||   108

Table legend: (Time is in decaauts)
 A = Elapsed time spent in this place.
 B = Non-inter-level travel time spent in this place.
 C = Inter-level travel time spent in this place.
 D = Time resting spent in this place.
 E = Time spent auto-exploring this place.
 F = Levels seen in this place.
 G = Mean time per level.
                   A        B        C        D        E       F      G
               +--------+--------+--------+--------+--------+-----+--------+
         Total |   5824 |   5658 |    166 |   1312 |   3326 |   7 |  832.0 |
       Dungeon |   5824 |   5658 |    166 |   1312 |   3326 |   7 |  832.0 |
               +--------+--------+--------+--------+--------+-----+--------+

Top non-repeatable levels by time:
     D:1: 1825 daAuts
     D:4: 1297 daAuts
     D:5: 1091 daAuts
     D:3: 792 daAuts
     D:2: 714 daAuts
     D:6: 63 daAuts
     D:9: 39 daAuts
